 Dungeon Crawl Stone Soup version 0.24-a0-277-g67e6301 (webtiles) character file.

Game seed: 17656753430078592522

609609 ezpacito the Champion of Chaos (level 26, -3/278 HPs)
             Began as a Demonspawn Fighter on Apr 27, 2019.
             Was the Champion of Makhleb.
             Killed from afar by an ancient lich (8 damage)
             ... with a bolt of negative energy
             ... on level 11 of a ziggurat on Apr 28, 2019.
             The game lasted 03:32:43 (53669 turns).

ezpacito the Champion of Chaos (DsFi)              Turns: 53669, Time: 03:32:44

Health: -3/278     AC: 44    Str: 26    XL:     26   Next: 72%
Magic:  39/39      EV: 13    Int:  8    God:    Makhleb [******]
Gold:   6217       SH: 18    Dex: 19    Spells: 25/25 levels left

rFire    + + +     SeeInvis .   j - +11 war axe of Extermination {flame, +Fly MR+, DALEKSBOON}
rCold    + + .     Gourm    .   G - +4 shield {AC+3}
rNeg     + . .     Faith    .   Q - +12 gold dragon scales {DIO's 80s fashion sense}
rPois    +         Spirit   .   (helmet unavailable)
rElec    +         Reflect  .   c - scarf {repulsion}
rCorr    .         Harm     .   p - +1 pair of gloves "Wevymaurchad" {rElec Regen+ Int-5 Stlth+}
MR       ++...                  M - +2 pair of boots {Stlth+}
Stlth    ..........             H - amulet of Vitality {Regen+ HP+15}
HPRegen  1.36/turn              e - +6 ring of strength
MPRegen  0.26/turn              P - ring "Hurrot" {rF+ rN+ Str+3 Dex-2}

@: flayed, berserk cooldown, hasted and slowed, studying Evocations, heavily
drained, repel missiles
A: horns 3, molten scales 3, cold resistance 1, demonic guardian 3, fire
resistance 1, ignite blood, robust 3, flame cloud immunity
}: 3/15 runes: decaying, silver, gossamer
a: Minor Destruction, Lesser Servant of Makhleb, Major Destruction, Greater
Servant of Makhleb, Renounce Religion, Evoke Flight


You were on level 11 of a ziggurat.
You worshipped Makhleb.
Makhleb was exalted by your worship.
You were very full.

You visited 10 branches of the dungeon, and saw 46 of its levels.
You visited the Abyss 3 times.
You visited 1 ziggurat, and saw 11 of its levels.
You also visited: Gauntlet, Ice Cave, Volcano, Wizlab and Desolation.

You collected 8557 gold pieces.
You spent 2340 gold pieces at shops.

Inventory:

Hand Weapons
 h - the +1 war axe of Ancient Evil {pain, *Noise rC++ Dex+3 Stlth+}
   (You found it on level 8 of the Dungeon)

   In the hands of one skilled in necromantic magic, it inflicts extra damage on
   living creatures.
   It affects your dexterity (+3).
   It greatly protects you from cold.
   It may make noises in combat.
   It makes you more stealthy.
 j - the +11 war axe of Extermination (weapon) {flame, +Fly MR+, DALEKSBOON}
   (You found it on level 2 of the Swamp)

   It has been specially enchanted to burn those struck by it, causing extra
   injury to most foes and up to half again as much damage against particularly
   susceptible opponents.
   Big, fiery blades are also staple armaments of hydra-hunters.
   It affects your resistance to hostile enchantments.
   It lets you fly.
 n - the +9 rapier of the Head {venom, Int+3}
   (You found it on level 5 of the Dungeon)

   It poisons the flesh of those it strikes.
   It affects your intelligence (+3).
Missiles
 m - 5 throwing nets (quivered)
 L - 17 javelins of returning
Armour
 c - a scarf of repulsion (worn)
 p - the +1 pair of gloves "Wevymaurchad" (worn) {rElec Regen+ Int-5 Stlth+}
   (You acquired it in a Gauntlet)

   It affects your intelligence (-5).
   It insulates you from electricity.
   It increases your rate of regeneration.
   It makes you more stealthy.
 G - a +4 shield of protection (worn)
 M - a +2 pair of boots of stealth (worn)
 Q - +12 gold dragon scales (worn) {DIO's 80s fashion sense}
Jewellery
 e - a +6 ring of strength (left hand)
 i - an uncursed ring of see invisible
 B - a +4 amulet of reflection
 H - the amulet of Vitality (around neck) {Regen+ HP+15}
   (You found it in a Gauntlet)

   [amulet of regeneration]

   It affects your health (+15).
   It increases your rate of regeneration.
 P - the ring "Hurrot" (right hand) {rF+ rN+ Str+3 Dex-2}
   (You found it in the Desolation of Salt)

   [ring of dexterity]

   It affects your strength (+3).
   It affects your dexterity (-2).
   It protects you from fire.
   It protects you from negative energy.
Wands
 d - a wand of disintegration (23)
 q - a wand of flame (87)
 x - a wand of paralysis (56)
 y - a wand of enslavement (4)
 z - a wand of digging (23)
 A - a wand of clouds (9)
 C - a wand of polymorph (28)
 F - a wand of iceblast (72)
Scrolls
 a - 7 scrolls of summoning
 l - 23 scrolls of teleportation
 o - 7 scrolls of identify
 u - 17 scrolls of remove curse
 v - a scroll of magic mapping
 J - 6 scrolls of immolation
 R - 3 scrolls of fear
Potions
 b - 6 potions of curing
 g - 2 potions of cancellation
 k - 6 potions of magic
 s - 9 potions of mutation
 t - 8 potions of ambrosia
 w - 5 potions of flight
 O - 3 potions of resistance
 W - 10 potions of lignification
Books
 I - a manual of Evocations
Miscellaneous
 r - a phial of floods
 D - the horn of Geryon
 K - 2 phantom mirrors
 N - 4 sacks of spiders
 S - 4 boxes of beasts
 V - a crystal ball of energy
 Y - a lightning rod (4/4)
Comestibles
 f - 59 rations


   Skills:
 + Level 15.7(14.0) Fighting
 - Level 7.5(6.2) Short Blades
 - Level 16.0(14.3) Axes
 + Level 14.5(12.9) Armour
 + Level 14.3(12.7) Dodging
 - Level 6.4(5.1) Stealth
 - Level 15.0(13.3) Shields
 * Level 19.3(17.5) Unarmed Combat
 * Level 24.6(22.6) Invocations
 + Level 15.4(13.7) Evocations


You had 25 spell levels left.
You didn't know any spells.
Your spell library contained the following spells:

 Spells                   Type           Power        Failure   Level  Hunger
 Animate Skeleton         Necr           N/A          100%        1    ##.....
 Apportation              Tloc           #.....       100%        1    ##.....
 Beastly Appendage        Tmut           #.....       100%        1    ##.....
 Confusing Touch          Hex            #.....       100%        1    ##.....
 Corona                   Hex            #......      100%        1    ##.....
 Flame Tongue             Conj/Fire      #....        100%        1    ##.....
 Freeze                   Ice            #...         100%        1    ##.....
 Infusion                 Chrm           #...         100%        1    ##.....
 Magic Dart               Conj           #...         100%        1    ##.....
 Pain                     Necr           #...         100%        1    ##.....
 Shock                    Conj/Air       #...         100%        1    ##.....
 Summon Butterflies       Summ           #.......     100%        1    ##.....
 Blink                    Tloc           N/A          100%        2    ###....
 Call Imp                 Summ           #.......     100%        2    ###....
 Corpse Rot               Necr           N/A          100%        2    ###....
 Ensorcelled Hibernation  Hex/Ice        #.....       100%        2    ###....
 Passwall                 Tmut/Erth      #.......     100%        2    ###....
 Poisonous Vapours        Pois/Air       #.....       100%        2    ###....
 Searing Ray              Conj           #.....       100%        2    ###....
 Shroud of Golubria       Chrm/Tloc      #.........   100%        2    ###....
 Slow                     Hex            #.......     100%        2    ###....
 Song of Slaying          Chrm           #.......     100%        2    ###....
 Sticks to Snakes         Tmut           #.......     100%        2    ###....
 Sublimation of Blood     Necr           #.........   100%        2    ###....
 Swiftness                Chrm/Air       #.......     100%        2    ###....
 Throw Flame              Conj/Fire      #.....       100%        2    ###....
 Confuse                  Hex            #.......     100%        3    ####...
 Conjure Flame            Conj/Fire      #.......     100%        3    ####...
 Dazzling Spray           Conj/Hex       #.....       100%        3    ####...
 Gell's Gravitas          Tloc           #.........   100%        3    ####...
 Ignite Poison            Fire/Tmut/Pois #.......     100%        3    ####...
 Inner Flame              Hex/Fire       #.......     100%        3    ####...
 Lesser Beckoning         Tloc           #.........   100%        3    ####...
 Mephitic Cloud           Conj/Pois/Air  #.......     100%        3    ####...
 Recall                   Summ/Tloc      N/A          100%        3    ####...
 Regeneration             Chrm/Necr      #.........   100%        3    ####...
 Spectral Weapon          Hex/Chrm       #.......     100%        3    ####...
 Spider Form              Tmut/Pois      #.........   100%        3    ####...
 Static Discharge         Conj/Air       #.......     100%        3    ####...
 Summon Guardian Golem    Hex/Summ       #.......     100%        3    ####...
 Tukima's Dance           Hex            #.......     100%        3    ####...
 Vampiric Draining        Necr           #.........   100%        3    ####...
 Airstrike                Air            #.........   100%        4    #####..
 Animate Dead             Necr           N/A          100%        4    #####..
 Force Lance              Conj/Tloc      #.......     100%        4    #####..
 Fulminant Prism          Conj/Hex       #.........   100%        4    #####..
 Ice Form                 Ice/Tmut       #.......     100%        4    #####..
 Iskenderun's Mystic Bla  Conj           #.......     100%        4    #####..
 Passage of Golubria      Tloc           N/A          100%        4    #####..
 Petrify                  Tmut/Erth      #.......     100%        4    #####..
 Sticky Flame             Conj/Fire      #.......     100%        4    #####..
 Summon Lightning Spire   Summ/Air       #.......     100%        4    #####..
 Alistair's Intoxication  Tmut/Pois      #.......     100%        5    ######.
 Blade Hands              Tmut           #.........   100%        5    ######.
 Bolt of Draining         Conj/Necr      #.........   100%        5    ######.
 Borgnjor's Vile Clutch   Necr/Erth      #.........   100%        5    ######.
 Fireball                 Conj/Fire      #.........   100%        5    ######.
 Irradiate                Conj/Tmut      #.........   100%        5    ######.
 Iskenderun's Battlesphe  Conj/Chrm      #.......     100%        5    ######.
 Lee's Rapid Deconstruct  Erth           #.........   100%        5    ######.
 Lightning Bolt           Conj/Air       #.........   100%        5    ######.
 Metabolic Englaciation   Hex/Ice        #.........   100%        5    ######.
 Silence                  Hex/Air        #.........   100%        5    ######.
 Summon Demon             Summ           #.........   100%        5    ######.
 Summon Mana Viper        Hex/Summ       #.......     100%        5    ######.
 Venom Bolt               Conj/Pois      #.........   100%        5    ######.
 Yara's Violent Unravell  Hex/Tmut       #.........   100%        5    ######.
 Bolt of Cold             Conj/Ice       #.........   100%        6    #######
 Bolt of Fire             Conj/Fire      #.........   100%        6    #######
 Darkness                 Hex            #.........   100%        6    #######
 Death Channel            Necr           #.........   100%        6    #######
 Freezing Cloud           Conj/Ice/Air   #.........   100%        6    #######
 Hydra Form               Tmut           #.........   100%        6    #######
 Invisibility             Hex            #.......     100%        6    #######
 Ozocubu's Refrigeration  Ice            #.........   100%        6    #######
 Shadow Creatures         Summ           N/A          100%        6    #######
 Simulacrum               Ice/Necr       #.........   100%        6    #######
 Statue Form              Tmut/Erth      #........    100%        6    #######
 Dragon Form              Tmut           #.........   100%        7    #######
 Malign Gateway           Summ/Tloc      #.........   100%        7    #######
 Orb of Destruction       Conj           #.........   100%        7    #######
 Ring of Flames           Chrm/Fire      #.........   100%        7    #######
 Summon Hydra             Summ           #.........   100%        7    #######
 Ignition                 Fire           #.........   100%        8    #######


Dungeon Overview and Level Annotations

Branches:
Dungeon (15/15)            Temple (1/1) D:4            Lair (6/6) D:10
  Swamp (4/4) Lair:4       Spider (4/4) Lair:2        Slime (0/5) Lair:6
    Orc (2/2) D:11            Elf (3/3) Orc:2        Vaults (5/5) D:14
  Crypt (0/3) Vaults:3     Depths (5/5) D:15           Hell (1/1)
    Dis (0/7) Hell            Geh (0/7) Hell            Coc (0/7) Hell
    Tar (0/7) Hell            Zot (0/5) Depths:5

Altars:
Ashenzari
Cheibriados
Dithmenos
Elyvilon
Fedhas
Gozag
Hepliaklqana
Kikubaaqudgha
Makhleb
Nemelex Xobeh
Okawaru
Qazlal
Ru
Sif Muna
Trog
Uskayaw
Vehumet
Wu Jian
Xom
Yredelemnul
Zin
The Shining One
Beogh
Jiyva

Shops:
Orc:2 =*==   Elf:1 [   Vaults:1 :   Vaults:3 (   Vaults:4 *   Vaults:5 !
Depths:5 [

Portals:
Hell: Depths:1 Depths:2 Depths:3 Depths:4 Depths:5
Abyss: Depths:2 Depths:4
Pandemonium: Depths:1 Depths:3 Depths:4
Trove: D:12 (give 5 potions of resistance)


Innate Abilities, Weirdness & Mutations

You have a pair of large horns on your head.
You are completely covered in molten scales. (AC +4, rF+)
A powerful demonic guardian rushes to your aid.
Your flesh is heat resistant. (rF+)
Your demonic aura causes spilled blood to erupt in flames.
You are extremely robust. (+30% HP)
You are immune to clouds of flame.
Your flesh is cold resistant. (rC+)


Message History

Something hits you.
* * * LOW HITPOINT WARNING * * *
Something bites you.
* * * LOW HITPOINT WARNING * * *
The ancient lich touches you.
* * * LOW HITPOINT WARNING * * *
The spectral frost giant is engulfed in blazing flames.
The spectral frost giant closely misses you.
The soul eater is engulfed in blazing flames.
The phantasmal warrior blinks!
You slice the curse skull!! You burn the curse skull.
The curse skull is severely damaged.
You slice the eidolon!! You burn the eidolon. You hit the ancient lich.
You hit the bone dragon. You slash the spectral frost giant!
You burn the spectral frost giant. You hit something but do no damage.
You closely miss something. You hit the ancient lich.
You burn the ancient lich.
The ancient lich points at you and mumbles some strange words.
The bolt of negative energy hits you! You partially resist.
You feel drained.
You die...

▓.☼.......▓
▓.........▓
▓▓▓▓▓▓▓.........▓▓▓▓▓▓
▓..............°☼..§..
▓..........○...°○..:[|
▓..........○..W3°..:?$
▓..........○z{{LzW.:(∩
▓∩..........WZ@zLW.|[>
▓...........WDLWZW.}$∩
▓...........2W.Z.W○)%?
▓.........W........}:)
▓.........○V......○...
▓▓▓▓▓▓▓.........▓▓▓▓▓▓
▓.........▓
▓.........▓


You could see a bone dragon (inner flame), 2 ancient liches, a revenant, a
vampire knight (inner flame), an eidolon (inner flame), a soul eater (inner
flame), 3 flayed ghosts, a curse skull, 3 phantasmal warriors, a spectral
alligator snapping turtle, a spectral frost giant, a spectral glowing
shapeshifter, 2 wraiths, a shadow, 2 flying skulls and a friendly cacodemon.

Vanquished Creatures
  Mennas (Vaults:2)
  An ancient lich (Zig:4)
  Mara (Vaults:3)
  3 juggernauts
  Margery (Depths:5)
  Bai Suzhen (Depths:1)
  Frederick (Depths:5)
  Boris (Vaults:5)
  Xtahua (Vaults:2)
  Saint Roka (Vaults:4)
  7 golden dragons
  6 caustic shrikes
  Geryon (Hell)
  Jory (Vaults:4)
  A bone dragon (Abyss:5)
  Rupert (Spider:1)
  5 tentacled monstrosities
  2 liches
  Asterion (Vaults:1)
  3 deep elf blademasters
  3 titans
  2 deep elf master archers (Elf:3)
  4 tentacled starspawn
  4 sphinxes
  4 shadow dragons (Vaults:5)
  3 storm dragons
  7 tengu reavers
  Kirke (Swamp:2)
  Donald (Elf:1)
  A nagaraja (Zig:9)
  4 ghost moths
  14 fire giants
  11 vault wardens
  12 frost giants
  17 deep elf sorcerers
  3 emperor scorpions (Spider:4)
  An orc warlord (Zig:7)
  3 imperial myrmidons (Desolation)
  Louise (Spider:1)
  5 iron dragons
  A draconian stormcaller (Depths:5)
  A draconian shifter (Depths:5)
  3 reapers (Hell)
  6 deep elf elementalists
  A juggernaut skeleton (Zig:10)
  6 entropy weavers
  10 ironheart preservers
  26 very ugly things
  22 stone giants
  5 spriggan defenders
  4 war gargoyles
  8 deep elf demonologists
  A black draconian (Depths:5)
  4 vampire knights
  2 apis (Zig:2)
  8 deep elf annihilators
  The ghost of cfbundy the Corrupter of Planes, a journeyman FoAK of Lugonu (Lair:6)
  A green death (Gauntlet)
  A blizzard demon (Hell)
  5 deep elf death magi
  13 ettins
  3 crystal guardians
  5 spark wasps
  10 great orbs of eyes
  17 yaktaur captains
  8 deep elf high priests
  6 fire dragons
  3 ragged hierophants (Desolation)
  3 hell beasts (Hell)
  2 servants of whispers (Desolation)
  29 vault guards
  Erolcha (Orc:1)
  10 ice dragons
  13 centaur warriors
  3 peacekeepers (Desolation)
  14 hydras
  7 rakshasas
  4 death knights
  A ghost crab (Swamp:1)
  2 catoblepae (Lair:6)
  3 spriggan air magi
  4 shambling mangroves
  2 anacondas (shapeshifter)
  3 death yaks (Lair:6)
  29 dancing weapons
  18 ogre magi
  A death scarab (Zig:3)
  11 alligators
  5 orc high priests
  9 deep troll earth magi
  61 two-headed ogres
  7 spriggan berserkers
  6 deep troll shamans
  7 thrashing horrors
  9 tengu warriors
  A naga sharpshooter (Zig:9)
  A shock serpent (shapeshifter) (Elf:1)
  2 shock serpents (Zig:9)
  5 soul eaters
  3 iron golems
  Urug (D:9)
  2 iron trolls
  Sonja (D:12)
  Nergalle (Orc:1)
  13 deep elf knights
  A titan skeleton (Hell)
  A skeletal warrior (Vaults:1)
  5 sun demons
  A wretched star (Abyss:3)
  8 hell knights
  3 glowing orange brains
  14 large abominations
  8 flayed ghosts
  A spriggan druid (Swamp:3)
  5 swamp dragons
  An anaconda zombie (Hell)
  13 deep elf archers
  23 ironbrand convokers
  16 deep trolls
  24 orc knights
  A shadow dragon zombie (Hell)
  5 wizards
  2 harpies (shapeshifter)
  4 phantasmal warriors
  A golden dragon skeleton (Zig:8)
  4 necromancers
  2 iron dragon zombies
  16 orb spiders
  A mana viper (shapeshifter) (Depths:3)
  An orb spider (shapeshifter) (Elf:1)
  40 wolf spiders
  9 orc sorcerers
  45 deep elf magi
  A worldbinder (Abyss:5)
  2 mana vipers (Zig:9)
  A salamander (shapeshifter) (Depths:1)
  2 tengu skeletons
  2 cyclopes (shapeshifter) (WizLab)
  2 stone giant zombies
  39 ugly things
  A frost giant zombie (Hell)
  5 fire giant zombies
  2 guardian serpents (Desolation)
  6 cyclopes
  Joseph (D:8)
  3 human zombies (Vaults:4)
  3 manticores
  A fire giant skeleton (Hell)
  6 smoke demons
  A moth of wrath (Spider:4)
  9 elephants
  14 vault sentinels
  2 guardian serpents (shapeshifter) (Abyss:5)
  2 ice statues (IceCv)
  3 eyes of devastation
  10 rust devils
  A torpor snail (shapeshifter) (Depths:4)
  A naga mage (Zig:9)
  7 torpor snails
  4 black mambas
  2 hellions (Hell)
  A gargoyle (D:14)
  12 spiny frogs
  3 rime drakes
  2 kobold demonologists
  4 komodo dragons
  16 demonic crawlers
  69 yaktaurs
  2 yaktaurs (shapeshifter)
  4 freezing wraiths
  An orange demon (Gauntlet)
  2 tormentors (Zig:6)
  10 ice devils
  6 ancient zymes
  3 red devils
  2 meliai (D:15)
  6 trolls
  4 tengu conjurers (Depths:4)
  2 guardian mummies (Zig:3)
  7 tyrant leeches
  2 jumping spiders (shapeshifter)
  3 hydra zombies (Hell)
  26 hornets
  4 queen bees (shapeshifter)
  A polar bear (shapeshifter) (WizLab)
  33 jumping spiders
  A hydra skeleton (Hell)
  4 polar bears
  34 saltlings (Desolation)
  4 spriggan zombies
  Grinder (D:4)
  8 bog bodies
  A hornet (shapeshifter) (Vaults:4)
  5 hippogriffs
  37 slime creatures
  A meliai zombie (D:13)
  A snapping turtle (shapeshifter) (Vaults:1)
  11 dream sheep
  8 blink frogs
  16 raiju
  An ice dragon zombie (Hell)
  A redback (shapeshifter) (Depths:2)
  39 tarantellas
  2 air elementals (Elf:3)
  3 flying skulls
  2 tarantellas (shapeshifter)
  3 spriggans (shapeshifter)
  83 redbacks
  5 shadows
  4 wyverns
  53 yaks
  10 fire elementals
  A deep troll skeleton (Zig:3)
  2 humans (shapeshifter) (WizLab)
  2 humans (Swamp:2)
  7 spriggans
  6 wraiths
  2 ynoxinuls
  4 water elementals
  A yak (shapeshifter) (WizLab)
  A basilisk (shapeshifter) (WizLab)
  3 basilisks
  2 hogs (shapeshifter) (WizLab)
  Eustachio (D:5)
  A fire bat (Volcano)
  3 hungry ghosts
  2 golden eyes (shapeshifter) (WizLab)
  A neqoxec (Abyss:3)
  11 vampire mosquitoes
  9 wargs
  4 soldier ants
  9 insubstantial wisps
  11 swamp worms
  4 acid dragons
  10 water moccasins
  A spiny frog zombie (Hell)
  A water moccasin (shapeshifter) (WizLab)
  Duvessa (D:5)
  5 floating eyes
  A floating eye (shapeshifter) (WizLab)
  6 hell hounds
  7 porcupines
  52 orc warriors
  10 swamp drakes
  4 sky beasts
  3 spiny frog skeletons (Hell)
  2 black bears (shapeshifter)
  3 eyes of draining
  2 eyes of draining (shapeshifter) (WizLab)
  12 ice beasts
  A black bear (D:11)
  7 boggarts
  A phantom (D:5)
  2 necrophages
  50 ogres
  20 wolves
  16 centaurs
  A swamp dragon skeleton (Hell)
  5 big kobolds
  8 crocodiles
  10 small abominations
  15 bullfrogs
  Blork the orc (D:6)
  6 earth elementals
  A scorpion (D:8)
  5 tengu zombies
  Dowan (D:5)
  41 killer bees
  3 wights
  6 electric eels
  5 howler monkeys
  8 crimson imps
  A bullfrog zombie (D:12)
  12 starcursed masses
  2 quasits
  2 bullfrog skeletons
  2 centaur skeletons
  6 centaur zombies
  2 jellies
  20 orc priests
  3 hounds
  26 orc wizards
  5 iron imps
  4 iguanas
  13 worker ants
  A hound zombie (D:11)
  4 hound skeletons
  A mummy (Zig:3)
  5 gnolls
  7 adders
  2 shadow imps
  15 white imps
  2 ufetubi
  An ooze (D:2)
  2 adder zombies
  3 adder skeletons
  2 worms
  3 leopard geckos
  119 orcs
  3 ball pythons
  5 bats
  3 giant cockroaches
  5 goblins
  5 hobgoblins
  8 jackals
  22 kobolds
  3 quokkas
  A ball python skeleton (D:4)
  4 frilled lizards
  A leopard gecko skeleton (D:5)
  A quokka zombie (D:6)
  5 rats
  11 briar patches
  4 crawling corpses
  5 fungi
  4 plants
  3 starspawn tentacles
2345 creatures vanquished.

Vanquished Creatures (collateral kills)
  2 ancient liches
  A juggernaut (Depths:3)
  Boris (Depths:5)
  3 caustic shrikes
  Nikola (Elf:2)
  A mutant beast (WizLab)
  Arachne (Spider:3)
  A Hell Sentinel (Zig:5)
  A tentacled monstrosity (Depths:4)
  4 thorn hunters
  A tengu reaver (Vaults:5)
  2 storm dragons
  3 shadow dragons
  2 nagarajas (Zig:9)
  2 frost giants
  An orc warlord (Orc:2)
  5 large abominations
  Aizul (Spider:1)
  An imperial myrmidon (Desolation)
  A deep elf sorcerer (Elf:3)
  A juggernaut zombie (Hell)
  An ironheart preserver (Vaults:1)
  2 stone giants
  A war gargoyle (Vaults:4)
  3 deep elf elementalists
  5 very ugly things
  A reaper (Hell)
  A green draconian (Depths:5)
  A deep elf annihilator (Elf:3)
  A purple draconian (Depths:5)
  A minotaur (Gauntlet)
  3 deep elf death magi
  5 crystal guardians
  2 ettins
  3 fire dragons
  3 deep elf high priests
  2 yaktaur captains
  A great orb of eyes (shapeshifter) (Abyss:5)
  6 hydras
  2 servants of whispers (Desolation)
  An ice dragon (Depths:5)
  A rakshasa (Depths:4)
  A great orb of eyes (Depths:4)
  A peacekeeper (Desolation)
  3 centaur warriors (D:14)
  A naga warrior (Zig:9)
  A catoblepas (Lair:6)
  The ghost of Zonian the Covert, a journeyman SpEn of Uskayaw (Lair:5)
  A tengu warrior (D:12)
  An anaconda (Zig:9)
  A dancing weapon (Elf:2)
  3 ogre magi
  9 two-headed ogres
  2 deep troll shamans (Depths:4)
  4 alligators
  2 orc high priests
  3 thrashing horrors
  2 death yaks (Lair:6)
  A shock serpent (shapeshifter) (Depths:3)
  An iron golem (Zig:5)
  A deep elf knight (Elf:2)
  A hell knight (Depths:5)
  A spatial maelstrom (Zig:10)
  A naga ritualist (Zig:9)
  6 swamp dragons (Swamp:4)
  3 deep elf archers
  A harpy (Vaults:5)
  An orc knight (Orc:2)
  A necromancer (Depths:5)
  A phantasmal warrior (Vaults:5)
  3 ugly things
  An orb spider (shapeshifter) (Depths:2)
  3 orb spiders (Spider:1)
  An orc sorcerer (Orc:2)
  A cyclops (D:14)
  A manticore (Lair:6)
  5 wolf spiders
  6 deep elf magi
  3 elephants
  A black mamba (Zig:9)
  A naga mage (Zig:9)
  A centaur skeleton (D:14)
  A smoke demon (Zig:10)
  3 spiny frogs
  An ice statue (IceCv)
  A rime drake (Lair:4)
  A komodo dragon (Lair:4)
  A yaktaur (shapeshifter) (Vaults:5)
  2 small abominations
  3 demonic crawlers
  A yaktaur (Vaults:5)
  A queen bee (shapeshifter) (WizLab)
  A jumping spider (shapeshifter) (Vaults:4)
  3 trolls
  A meliai (D:15)
  A tengu conjurer (Depths:4)
  4 jumping spiders (Spider:1)
  5 hornets
  3 tyrant leeches
  3 bog bodies
  4 saltlings (Desolation)
  3 hippogriffs
  A raiju (Abyss:5)
  4 slime creatures
  8 dream sheep
  A blink frog (shapeshifter) (WizLab)
  4 blink frogs (Lair:3)
  3 starcursed masses
  A spriggan (Swamp:2)
  A tarantella (Spider:1)
  A wraith (Vaults:5)
  A wyvern (D:14)
  A water elemental (Elf:3)
  A fire bat (shapeshifter) (Vaults:5)
  A spriggan (shapeshifter) (Abyss:5)
  22 yaks
  A basilisk (Lair:1)
  A swamp worm (Swamp:2)
  A vampire mosquito (Swamp:2)
  A warg (Orc:2)
  An insubstantial wisp (Swamp:2)
  A water moccasin (Lair:1)
  3 porcupines
  A floating eye (WizLab)
  A hell hound (Volcano)
  A swamp drake (Swamp:4)
  8 orc warriors
  An eye of draining (D:9)
  A swamp drake (shapeshifter) (WizLab)
  A centaur (Volcano)
  6 ogres
  A boggart (Vaults:3)
  A bullfrog (Lair:3)
  A gnoll sergeant (D:10)
  A scorpion (D:10)
  14 killer bees (Lair:3)
  A howler monkey (D:12)
  3 crimson imps
  A bullfrog skeleton (D:9)
  A hound (D:6)
  7 orc priests (Orc:2)
  3 orc wizards
  An iguana (D:6)
  A worker ant (D:8)
  A white imp (D:8)
  An ufetubus (D:8)
  19 orcs
  A quokka (D:8)
  4 kobolds (D:10)
  A briar patch (Swamp:4)
  2 plants
  2 starspawn tentacles
353 creatures vanquished.

Vanquished Creatures (others)
  2 fire giants
  A blizzard demon (Zig:6)
  A deep elf knight (Elf:2)
  2 deep elf archers (Elf:2)
  5 deep elf magi (Elf:2)
  An ugly thing (Vaults:3)
  A tormentor (Zig:6)
  A jumping spider (Spider:2)
  A redback (Spider:1)
  A spriggan (Swamp:2)
  A tarantella (Spider:1)
  3 humans (Swamp:2)
  A swamp drake (Swamp:1)
  An ogre (Vaults:4)
  A gnoll sergeant (Orc:2)
  A wight (D:10)
  An orc wizard (D:10)
  A gnoll (Orc:2)
  2 orcs
  4 briar patches (Swamp:4)
  A crawling corpse (Elf:3)
  4 demonic plants (Gauntlet)
  10 fungi
  7 plants (Gauntlet)
  5 starspawn tentacles
59 creatures vanquished.

Grand Total: 2757 creatures vanquished

Notes
Turn   | Place    | Note
-------+----------+-------------------------------------------
     0 | D:1      | ezpacito the Demonspawn Fighter began the quest for the
                  | Orb.
     0 | D:1      | Reached XP level 1. HP: 18/18 MP: 1/1
   183 | D:1      | Gained mutation: You are partially covered in molten
                  | scales. (AC +2) [demonic ancestry]
   183 | D:1      | Reached XP level 2. HP: 24/24 MP: 2/2
   595 | D:2      | HP: 1/24 [hound (4)]
   598 | D:2      | Reached skill level 1 in Unarmed Combat
   598 | D:2      | Gained mutation: A weak demonic guardian rushes to your
                  | aid. [demonic ancestry]
   598 | D:2      | Reached XP level 3. HP: 18/29 MP: 3/3
  1140 | D:2      | Reached skill level 1 in Stealth
  1143 | D:2      | Reached skill level 1 in Dodging
  1347 | D:3      | Gained mutation: You are mostly covered in molten scales.
                  | (AC +3) [demonic ancestry]
  1347 | D:3      | Reached XP level 4. HP: 31/35 MP: 4/4
  1485 | D:3      | Found a stormy altar of Qazlal.
  2470 | D:4      | Found a staircase to the Ecumenical Temple.
  2500 | Temple   | Entered the Ecumenical Temple
  2585 | D:4      | Gained mutation: Your flesh is heat resistant. (rF+)
                  | [demonic ancestry]
  2585 | D:4      | Reached XP level 5. HP: 38/41 MP: 5/5
  2586 | D:4      | Found a blossoming altar of Fedhas.
  2587 | D:4      | Found a shattered altar of Ashenzari.
  2895 | D:4      | Found an iron altar of Okawaru.
  2920 | D:4      | Reached XP level 6. HP: 29/47 MP: 6/6
  3336 | D:5      | Entered Level 5 of the Dungeon
  3706 | D:5      | Found a burning altar of Makhleb.
  3707 | D:5      | Found a sparkling altar of Nemelex Xobeh.
  3708 | D:5      | Found an opulent altar of Gozag.
  3715 | D:5      | Found a shadowy altar of Dithmenos.
  3728 | D:5      | Found a white marble altar of Elyvilon.
  3728 | D:5      | Found a shimmering altar of Xom.
  3754 | D:5      | Noticed Duvessa
  3754 | D:5      | Noticed Dowan
  3770 | D:5      | Killed Dowan
  3772 | D:5      | Killed Duvessa
  3798 | D:5      | Noticed Grinder
  3837 | D:4      | Paralysed by Grinder for 6 turns
  3854 | D:4      | Killed Grinder
  3854 | D:4      | Gained mutation: You have a pair of small horns on your
                  | head. [demonic ancestry]
  3854 | D:4      | Reached XP level 7. HP: 28/53 MP: 7/7
  4158 | D:5      | Got a crystal rapier
  4159 | D:5      | Identified the +9 rapier of the Head {venom, Int+3} (You
                  | found it on level 5 of the Dungeon)
  4516 | D:5      | Noticed Eustachio
  4526 | D:5      | Killed Eustachio
  4526 | D:5      | Reached skill level 1 in Short Blades
  4526 | D:5      | Reached skill level 1 in Evocations
  4526 | D:5      | Reached XP level 8. HP: 59/60 MP: 8/8
  5137 | D:6      | Noticed Blork the orc
  5149 | D:6      | Killed Blork the orc
  5273 | D:6      | Reached skill level 5 in Axes
  5730 | D:7      | Noticed a hippogriff
  5737 | D:7      | Killed a hippogriff
  5737 | D:7      | Gained mutation: You are immune to clouds of flame.
                  | [demonic ancestry]
  5737 | D:7      | Reached XP level 9. HP: 50/66 MP: 10/10
  6325 | D:7      | Found a bloodstained altar of Trog.
  6387 | D:8      | Got a crude war axe
  6388 | D:8      | Identified the +1 war axe of Ancient Evil {pain, *Noise
                  | rC++ Dex+3 Stlth+} (You found it on level 8 of the Dungeon)
  6472 | D:8      | Reached skill level 5 in Fighting
  6472 | D:8      | Reached skill level 5 in Unarmed Combat
  6894 | D:8      | Noticed Joseph
  6915 | D:8      | Killed Joseph
  7205 | D:8      | Found a snail-covered altar of Cheibriados.
  7233 | D:8      | Gained mutation: You are completely covered in molten
                  | scales. (AC +4, rF+) [demonic ancestry]
  7233 | D:8      | Reached XP level 10. HP: 74/74 MP: 12/12
  7659 | D:8      | Reached skill level 5 in Armour
  7904 | D:8      | Noticed a two-headed ogre
  7916 | D:8      | Killed a two-headed ogre
  7916 | D:8      | Reached skill level 5 in Shields
  8243 | D:9      | Gained mutation: Your flesh is cold resistant. (rC+)
                  | [potion of mutation]
  8243 | D:9      | Gained mutation: Your natural rate of healing is unusually
                  | fast. [potion of mutation]
  8243 | D:9      | Gained mutation: You are robust. (+10% HP) [potion of
                  | mutation]
  8259 | D:9      | Reached skill level 5 in Short Blades
  8267 | D:9      | HP: 6/123 [yak (7)]
  8662 | D:5      | Found a basalt altar of Yredelemnul.
  8662 | D:5      | Found a hide-covered altar of Uskayaw.
  8674 | D:5      | Became a worshipper of Makhleb the Destroyer
  9186 | D:9      | Reached skill level 1 in Invocations
  9252 | D:10     | Entered Level 10 of the Dungeon
  9284 | D:10     | Noticed Urug
  9462 | D:10     | Reached * piety under Makhleb
  9528 | D:9      | Killed Urug
  9528 | D:9      | Reached XP level 11. HP: 42/89 MP: 14/14
  9689 | D:10     | Reached skill level 2 in Invocations
  9730 | D:10     | Found a staircase to the Lair.
  9751 | D:10     | Noticed a two-headed ogre
  9816 | D:9      | Killed a two-headed ogre
  9816 | D:9      | Reached skill level 5 in Stealth
  9934 | D:10     | Reached skill level 3 in Invocations
 10348 | D:11     | Found a staircase to the Orcish Mines.
 10499 | D:11     | Reached ** piety under Makhleb
 11370 | D:12     | Reached skill level 4 in Invocations
 11497 | D:12     | Noticed Sonja
 11503 | D:12     | You fall through a shaft!
 11792 | D:12     | Reached *** piety under Makhleb
 11823 | D:12     | Reached skill level 5 in Invocations
 11837 | D:12     | Noticed a two-headed ogre
 11849 | D:12     | Killed a two-headed ogre
 11922 | D:12     | Killed Sonja
 11922 | D:12     | Reached skill level 5 in Dodging
 11922 | D:12     | Gained mutation: A demonic guardian rushes to your aid.
                  | [demonic ancestry]
 11922 | D:12     | Reached XP level 12. HP: 95/97 MP: 14/16
 12180 | D:12     | Noticed a tengu warrior
 12195 | D:12     | Killed a tengu warrior
 12267 | D:12     | Found a sacrificial altar of Ru.
 12297 | D:12     | Found a portal to a secret trove of treasure.
 12539 | D:13     | Reached skill level 5 in Evocations
 12607 | D:13     | Noticed a two-headed ogre
 12613 | D:13     | Killed a two-headed ogre
 12613 | D:13     | Reached skill level 6 in Invocations
 13176 | D:14     | Found a deep blue altar of Sif Muna.
 13228 | D:14     | Found a gate to the Vaults.
 13247 | D:14     | Noticed a centaur warrior
 13252 | D:14     | Found a gate leading to a gauntlet.
 13268 | D:14     | Killed a centaur warrior
 13300 | Gauntlet | Entered a Gauntlet
 13300 | Gauntlet | Found a transporter.
 13489 | Gauntlet | Found a transporter.
 13491 | Gauntlet | Found a transporter.
 13498 | Gauntlet | Found a transporter.
 13513 | Gauntlet | Found a transporter.
 13517 | Gauntlet | Found the amulet of Vitality {Regen+ HP+15}
 13518 | Gauntlet | Found a transporter.
 13532 | Gauntlet | Noticed a reaper
 13533 | Gauntlet | Found a transporter.
 13556 | Gauntlet | Found a transporter.
 13559 | Gauntlet | Noticed a green death
 13565 | Gauntlet | Found a transporter.
 13573 | Gauntlet | Noticed a death scarab
 13573 | Gauntlet | Noticed a death scarab
 13577 | Gauntlet | Found a transporter.
 13585 | Gauntlet | Found a large runed translucent door.
 13586 | Gauntlet | Found a large runed translucent door.
 13587 | Gauntlet | Found a large runed translucent door.
 13587 | Gauntlet | Found a large runed translucent door.
 13588 | Gauntlet | Found a runed translucent gate.
 13589 | Gauntlet | Found a transporter.
 13589 | Gauntlet | Found a runed translucent gate.
 13590 | Gauntlet | Found a runed translucent gate.
 13591 | Gauntlet | Found a large runed translucent door.
 13591 | Gauntlet | Found a large runed translucent door.
 13592 | Gauntlet | Found a large runed translucent door.
 13593 | Gauntlet | Found a large runed translucent door.
 13601 | Gauntlet | Found a transporter.
 13601 | Gauntlet | Noticed a ghost crab
 13603 | Gauntlet | Found a large runed translucent door.
 13603 | Gauntlet | Found a large runed translucent door.
 13603 | Gauntlet | Found a runed translucent door.
 13603 | Gauntlet | Found a runed translucent door.
 13604 | Gauntlet | Found a large runed translucent door.
 13605 | Gauntlet | Found a large runed translucent door.
 13607 | Gauntlet | Found a transporter.
 13607 | Gauntlet | Found a transporter.
 13647 | Gauntlet | Found a large runed translucent door.
 13647 | Gauntlet | Found a large runed translucent door.
 13647 | Gauntlet | Found a transporter.
 13648 | Gauntlet | Found a large runed translucent door.
 13676 | Gauntlet | Found a transporter.
 13750 | Gauntlet | Found a large runed translucent door.
 13772 | Gauntlet | Found a transporter.
 13772 | Gauntlet | Found a transporter.
 13965 | Gauntlet | Identified a scroll of acquirement
 13968 | Gauntlet | Got a pair of faintly glowing gloves
 13974 | Gauntlet | Identified the +1 pair of gloves "Wevymaurchad" {rElec
                  | Regen+ Int-5 Stlth+} (You acquired it in a Gauntlet)
 13997 | Gauntlet | Reached skill level 7 in Invocations
 14011 | Gauntlet | Reached **** piety under Makhleb
 14073 | Gauntlet | Killed a green death
 14263 | Gauntlet | Noticed a minotaur
 14282 | Gauntlet | Killed a minotaur
 14297 | Gauntlet | Identified the Catalogue of the Toxic Birds
 14349 | D:14     | Noticed a centaur warrior
 14359 | D:14     | Killed a centaur warrior
 14580 | D:14     | Reached XP level 13. HP: 105/105 MP: 18/18
 15046 | D:15     | Entered Level 15 of the Dungeon
 15199 | D:15     | Found a frozen archway.
 15229 | D:15     | Reached ***** piety under Makhleb
 15230 | D:15     | Reached skill level 8 in Invocations
 15251 | IceCv    | Entered an ice cave
 15577 | Lair:1   | Entered Level 1 of the Lair of Beasts
 16714 | Lair:2   | Reached skill level 9 in Invocations
 17030 | Lair:2   | Found a hole to the Spider Nest.
 17717 | Lair:3   | Reached ****** piety under Makhleb
 18752 | Lair:4   | Gained mutation: Your demonic aura causes spilled blood to
                  | erupt in flames. [demonic ancestry]
 18752 | Lair:4   | Reached XP level 14. HP: 102/114 MP: 21/21
 18797 | Lair:4   | Found a staircase to the Swamp.
 19642 | Lair:5   | Reached skill level 10 in Invocations
 19794 | Lair:5   | Found a large runed translucent door.
 19794 | Lair:5   | Found a large runed translucent door.
 19797 | Lair:5   | Noticed Zonian's ghost (journeyman SpEn)
 19879 | Lair:5   | You fall through a shaft!
 19879 | Lair:6   | Entered Level 6 of the Lair of Beasts
 19879 | Lair:6   | Found a large runed translucent door.
 19881 | Lair:6   | Found a large runed translucent door.
 19885 | Lair:6   | Reached skill level 10 in Axes
 20461 | Lair:5   | Killed Zonian's ghost
 20622 | Lair:6   | Found a staircase to the Slime Pits.
 20623 | Lair:6   | Found a viscous altar of Jiyva.
 20867 | Lair:6   | Noticed cfbundy's ghost (journeyman FoAK)
 20868 | Lair:6   | Found the amulet of the Air {Inacc +Fly rElec EV+5 RMsl}
 20914 | Lair:6   | Reached skill level 10 in Unarmed Combat
 20934 | Lair:6   | Killed cfbundy's ghost
 21255 | Lair:6   | Reached skill level 11 in Invocations
 21952 | Swamp:1  | Entered Level 1 of the Swamp
 22028 | Lair:4   | Gained mutation: A powerful demonic guardian rushes to your
                  | aid. [demonic ancestry]
 22028 | Lair:4   | Reached XP level 15. HP: 110/123 MP: 23/23
 22732 | Swamp:2  | Identified the Compendium of Creation
 22913 | Swamp:2  | Noticed a thorn hunter
 22921 | Swamp:2  | Killed a thorn hunter
 22921 | Swamp:2  | Reached skill level 12 in Invocations
 22998 | Swamp:2  | Noticed Kirke
 23004 | Swamp:2  | Noticed a thorn hunter
 23005 | Swamp:2  | Killed Kirke
 23016 | Swamp:2  | Killed a thorn hunter
 24498 | Swamp:4  | Entered Level 4 of the Swamp
 24515 | Swamp:4  | Noticed a thorn hunter
 24521 | Swamp:4  | Killed a thorn hunter
 24714 | Swamp:4  | Noticed a thorn hunter
 24731 | Swamp:4  | Killed a thorn hunter
 24811 | Swamp:4  | Paralysed by a hornet for 2 turns
 24821 | Swamp:4  | Mutation became permanent: You are robust. (+10% HP)
                  | [demonic ancestry]
 24821 | Swamp:4  | Gained mutation: You are robust. (+10% HP) [demonic
                  | ancestry]
 24821 | Swamp:4  | Reached XP level 16. HP: 25/132 MP: 25/25
 24926 | Swamp:4  | Got a decaying rune of Zot
 24962 | Swamp:4  | Reached skill level 13 in Invocations
 25742 | D:10     | Upgraded the game from 0.24-a0-275-g6f7e2cb to
                  | 0.24-a0-277-g67e6301
 25935 | Spider:1 | Entered Level 1 of the Spider Nest
 26067 | Spider:1 | Noticed Rupert
 26072 | Spider:1 | Paralysed by Rupert for 6 turns
 26078 | Spider:1 | Killed Rupert
 26297 | Spider:1 | Noticed Aizul
 26303 | Spider:1 | Killed Aizul
 26831 | Orc:1    | Entered Level 1 of the Orcish Mines
 26835 | Orc:1    | Noticed Nergalle
 26843 | Orc:1    | Killed Nergalle
 26890 | Orc:2    | Entered Level 2 of the Orcish Mines
 26939 | Orc:2    | Found a staircase to the Elven Halls.
 26958 | Orc:1    | Found a dark tunnel.
 26988 | Volcano  | Entered a volcano
 27349 | Orc:1    | Noticed Erolcha
 27354 | Orc:1    | Killed Erolcha
 27824 | Orc:2    | Found Nalergh's Jewellery Shoppe.
 27824 | Orc:2    | Found Oxiuseg's Jewellery Shoppe.
 27828 | Orc:2    | Reached skill level 14 in Invocations
 27829 | Orc:2    | Found Hiyrul's Jewellery Shop.
 27829 | Orc:2    | Found Bulamyir's Assorted Antiques.
 27834 | Orc:2    | Paralysed by an orc sorcerer for 2 turns
 27958 | Orc:2    | Found a roughly hewn altar of Beogh.
 28586 | Swamp:2  | Got a faintly glowing war axe
 28587 | Swamp:2  | Identified the +11 war axe of Extermination {flame, +Fly
                  | MR+} (You found it on level 2 of the Swamp)
 28733 | Lair:2   | Got a steaming chain mail
 28744 | Lair:2   | Identified the +6 chain mail of Yesterday {rElec rC- rCorr
                  | Dex+3} (You found it on level 2 of the Lair of Beasts)
 29224 | Orc:2    | Bought a wand of flame (21) for 30 gold pieces
 29224 | Orc:2    | Bought a runed scarf for 240 gold pieces
 29224 | Orc:2    | Bought a wand of iceblast (7) for 120 gold pieces
 29224 | Orc:2    | Bought a sack of spiders for 600 gold pieces
 29364 | Elf:1    | Entered Level 1 of the Elven Halls
 29406 | Elf:1    | Found Ceuferr's Armour Boutique.
 29532 | Elf:1    | Noticed Donald
 29632 | Elf:1    | Killed Donald
 29632 | Elf:1    | Reached XP level 17. HP: 139/139 MP: 27/27
 29748 | Elf:1    | Found a ruined gateway.
 29757 | Desolati | Entered the Desolation of Salt
 29771 | Desolati | Reached skill level 10 in Fighting
 29842 | Desolati | Got a scintillating pewter ring
 29844 | Desolati | Identified the ring of the Ban {rCorr Int+3} (You found it
                  | in the Desolation of Salt)
 29854 | Desolati | Got a clouded lead ring
 29856 | Desolati | Identified the ring "Poatoe" {Wiz Int+2} (You found it in
                  | the Desolation of Salt)
 29885 | Desolati | Got a pitted war axe
 29886 | Desolati | Identified the +2 war axe of Fate {speed, SInv} (You found
                  | it in the Desolation of Salt)
 29908 | Desolati | Found the +4 dagger "Morg" {pain, MR+ Int+5}
 29939 | Desolati | Got ichor-stained fire dragon scales
 30136 | Desolati | Got a sparkling turquoise ring
 30139 | Desolati | Got a coiled lead amulet
 30570 | Desolati | Identified the +13 fire dragon scales of Wagedd {+Blink
                  | rF++ rC- Str+4 Int+3} (You found it in the Desolation of
                  | Salt)
 30571 | Desolati | Identified the cursed ring "Hurrot" {rF+ rN+ Str+3 Dex-2}
                  | (You found it in the Desolation of Salt)
 30574 | Desolati | Identified the amulet of Koluedgh {rF+ Regen+ MP+9 Int-3}
                  | (You found it in the Desolation of Salt)
 31074 | Elf:1    | Identified the +1 scale mail "Eddax" {rF++ rC+++ Str-5
                  | Stlth+}
 31080 | Elf:1    | Found a runed translucent gate.
 31080 | Elf:1    | Found a runed translucent gate.
 31080 | Elf:1    | Found a runed translucent gate.
 31080 | Elf:1    | Found a runed translucent gate.
 31080 | Elf:1    | Found a runed translucent gate.
 31085 | Elf:1    | Found a runed translucent gate.
 31093 | Elf:1    | Reached skill level 15 in Invocations
 31337 | Elf:2    | Noticed Nikola
 31357 | Elf:2    | Killed Nikola
 31471 | Elf:2    | Found a runed translucent gate.
 31471 | Elf:2    | Found a runed translucent gate.
 31474 | Elf:2    | Found a runed translucent gate.
 31547 | Elf:2    | Reached XP level 18. HP: 149/149 MP: 29/29
 31781 | Elf:2    | Reached skill level 10 in Evocations
 31910 | Elf:2    | Reached skill level 10 in Shields
 31914 | Elf:2    | Reached skill level 10 in Armour
 32189 | Elf:3    | Entered Level 3 of the Elven Halls
 32190 | Elf:3    | Found a deep blue altar of Sif Muna.
 32421 | Elf:3    | Reached skill level 16 in Invocations
 32426 | Elf:3    | Cast into level 3 of the Abyss (a deep elf sorcerer)
 32427 | Abyss:3  | Found a corrupted altar of Lugonu.
 32708 | Elf:3    | Escaped the Abyss
 32738 | Elf:3    | Reached XP level 19. HP: 151/157 MP: 28/31
 32805 | Elf:3    | Identified the +8 trident "Roig" {freeze, rF+}
 32805 | Elf:3    | Identified the ring "Iqoerejod" {*Corrode rF+ rC- Str+3
                  | Dex+7}
 33672 | Spider:1 | Reached skill level 10 in Dodging
 33858 | Spider:1 | Noticed Louise
 33872 | Spider:1 | Killed Louise
 34144 | Spider:2 | You fall through a shaft!
 34311 | Spider:3 | Reached skill level 17 in Invocations
 34330 | Spider:3 | Noticed Arachne
 34337 | Spider:3 | Killed Arachne
 34742 | Spider:4 | Entered Level 4 of the Spider Nest
 35460 | Spider:4 | Gained mutation: You have a pair of horns on your head.
                  | [demonic ancestry]
 35460 | Spider:4 | Reached XP level 20. HP: 136/166 MP: 0/32
 35547 | Spider:4 | Got a gossamer rune of Zot
 36172 | Spider:2 | You fall through a shaft!
 36813 | D:15     | Found a blossoming altar of Fedhas.
 37330 | D:15     | Found a staircase to the Depths.
 37483 | Vaults:1 | Entered Level 1 of the Vaults
 37485 | Vaults:1 | Found a magical portal.
 37507 | WizLab   | Entered Cigotuvi's Fleshworks
 37725 | WizLab   | Identified Cigotuvi's Grimoire of Sinister Transmutation
 37971 | WizLab   | Paralysed by a floating eye for 4 turns
 38126 | WizLab   | Reached skill level 18 in Invocations
 38194 | WizLab   | Found the -2 hat of the Alchemist {rElec rPois rF+ rC+ rN+
                  | MR+ rMut rCorr}
 38519 | Vaults:1 | Found Ryoxaed's Book Shop.
 38545 | D:14     | Lost mutation: Your flesh is cold resistant. (rC+) [potion
                  | of mutation]
 38545 | D:14     | Gained mutation: Your muscles are strong. (Str +2) [potion
                  | of mutation]
 38545 | D:14     | Gained mutation: You passively map a small area around you.
                  | [potion of mutation]
 38546 | D:14     | Lost mutation: Your muscles are strong. (Str +2) [potion of
                  | mutation]
 38546 | D:14     | Lost mutation: You passively map a small area around you.
                  | [potion of mutation]
 38546 | D:14     | Gained mutation: Your magical capacity is low. (-10% MP)
                  | [potion of mutation]
 38546 | D:14     | Lost mutation: Your magical capacity is low. (-10% MP)
                  | [potion of mutation]
 38546 | D:14     | Gained mutation: You are agile. (Dex +2) [potion of
                  | mutation]
 38546 | D:14     | Gained mutation: You have large cloven feet. [potion of
                  | mutation]
 38547 | D:14     | Lost mutation: You are agile. (Dex +2) [potion of mutation]
 38547 | D:14     | Lost mutation: You have large cloven feet. [potion of
                  | mutation]
 38547 | D:14     | Gained mutation: Scrolls take you a little longer to read.
                  | [potion of mutation]
 38547 | D:14     | Gained mutation: You passively map a small area around you.
                  | [potion of mutation]
 38547 | D:14     | Gained mutation: You possess an exceptional clarity of
                  | mind. [potion of mutation]
 38548 | D:14     | Lost mutation: You possess an exceptional clarity of mind.
                  | [potion of mutation]
 38548 | D:14     | Lost mutation: Scrolls take you a little longer to read.
                  | [potion of mutation]
 38548 | D:14     | Lost mutation: You passively map a small area around you.
                  | [potion of mutation]
 38548 | D:14     | Lost mutation: Your natural rate of healing is unusually
                  | fast. [potion of mutation]
 38548 | D:14     | Gained mutation: You are agile. (Dex +2) [potion of
                  | mutation]
 38548 | D:14     | Gained mutation: You are dopey. (Int -2) [potion of
                  | mutation]
 38548 | D:14     | Gained mutation: You have an increased reservoir of magic.
                  | (+10% MP) [potion of mutation]
 38549 | D:14     | Lost mutation: You are dopey. (Int -2) [potion of mutation]
 38549 | D:14     | Lost mutation: You are agile. (Dex +2) [potion of mutation]
 38549 | D:14     | Gained mutation: Your body sometimes deteriorates upon
                  | taking damage. [potion of mutation]
 38549 | D:14     | Gained mutation: You are somewhat resistant to further
                  | mutation. [potion of mutation]
 38550 | D:14     | Lost mutation: Your body sometimes deteriorates upon taking
                  | damage. [potion of mutation]
 38550 | D:14     | Lost mutation: You are somewhat resistant to further
                  | mutation. [potion of mutation]
 38550 | D:14     | Gained mutation: You are resistant to hostile enchantments.
                  | (MR+) [potion of mutation]
 38550 | D:14     | Gained mutation: You expend magic power (3 MP) to
                  | strengthen your wands. [potion of mutation]
 38551 | D:14     | Lost mutation: You are resistant to hostile enchantments.
                  | (MR+) [potion of mutation]
 38551 | D:14     | Lost mutation: You have an increased reservoir of magic.
                  | (+10% MP) [potion of mutation]
 38551 | D:14     | Lost mutation: You expend magic power (3 MP) to strengthen
                  | your wands. [potion of mutation]
 38551 | D:14     | Gained mutation: Your muscles are strong. (Str +2) [potion
                  | of mutation]
 38551 | D:14     | Gained mutation: You have very sharp teeth. [potion of
                  | mutation]
 38551 | D:14     | Gained mutation: You are agile. (Dex +2) [potion of
                  | mutation]
 38552 | D:14     | Lost mutation: Your muscles are strong. (Str +2) [potion of
                  | mutation]
 38552 | D:14     | Lost mutation: You are agile. (Dex +2) [potion of mutation]
 38552 | D:14     | Gained mutation: Armour fits poorly on your strangely
                  | shaped body. [potion of mutation]
 38552 | D:14     | Gained mutation: Your flesh is cold resistant. (rC+)
                  | [potion of mutation]
 38553 | D:14     | Lost mutation: You have very sharp teeth. [potion of
                  | mutation]
 38553 | D:14     | Lost mutation: Your flesh is cold resistant. (rC+) [potion
                  | of mutation]
 38553 | D:14     | Lost mutation: Armour fits poorly on your strangely shaped
                  | body. [potion of mutation]
 38553 | D:14     | Gained mutation: You passively map a small area around you.
                  | [potion of mutation]
 38553 | D:14     | Gained mutation: You are very robust. (+20% HP) [potion of
                  | mutation]
 38554 | D:14     | Lost mutation: You are very robust. (+20% HP) [potion of
                  | mutation]
 38554 | D:14     | Lost mutation: You passively map a small area around you.
                  | [potion of mutation]
 38554 | D:14     | Gained mutation: Your mind is acute. (Int +2) [potion of
                  | mutation]
 38554 | D:14     | Gained mutation: You tend to lose your temper in combat.
                  | [potion of mutation]
 38554 | D:14     | Gained mutation: You are covered in fur. (AC +1) [potion of
                  | mutation]
 38555 | D:14     | Lost mutation: Your mind is acute. (Int +2) [potion of
                  | mutation]
 38555 | D:14     | Lost mutation: You are covered in fur. (AC +1) [potion of
                  | mutation]
 38555 | D:14     | Lost mutation: You tend to lose your temper in combat.
                  | [potion of mutation]
 38555 | D:14     | Gained mutation: Your muscles are strong. (Str +2) [potion
                  | of mutation]
 38555 | D:14     | Gained mutation: You have sharp fingernails. [potion of
                  | mutation]
 38577 | D:14     | Lost mutation: Your muscles are strong. (Str +2) [potion of
                  | mutation]
 38577 | D:14     | Lost mutation: You have sharp fingernails. [potion of
                  | mutation]
 38577 | D:14     | Gained mutation: You tend to lose your temper in combat.
                  | [potion of mutation]
 38577 | D:14     | Gained mutation: You are occasionally teleported next to
                  | monsters. [potion of mutation]
 38577 | D:14     | Gained mutation: Your spells are a little harder to cast,
                  | but a little more powerful. [potion of mutation]
 38578 | D:14     | Lost mutation: Your spells are a little harder to cast, but
                  | a little more powerful. [potion of mutation]
 38578 | D:14     | Lost mutation: You tend to lose your temper in combat.
                  | [potion of mutation]
 38578 | D:14     | Gained mutation: You tend to lose your temper in combat.
                  | [potion of mutation]
 38578 | D:14     | Gained mutation: Armour fits poorly on your strangely
                  | shaped body. [potion of mutation]
 38578 | D:14     | Gained mutation: Your spells are a little harder to cast,
                  | but a little more powerful. [potion of mutation]
 38578 | D:14     | Gained mutation: You have supernaturally acute eyesight.
                  | (SInv) [potion of mutation]
 38579 | D:14     | Lost mutation: Your spells are a little harder to cast, but
                  | a little more powerful. [potion of mutation]
 38579 | D:14     | Lost mutation: You tend to lose your temper in combat.
                  | [potion of mutation]
 38579 | D:14     | Gained mutation: Your flesh is cold resistant. (rC+)
                  | [potion of mutation]
 38579 | D:14     | Gained mutation: Your muscles are strong. (Str +2) [potion
                  | of mutation]
 38580 | D:14     | Lost mutation: Armour fits poorly on your strangely shaped
                  | body. [potion of mutation]
 38580 | D:14     | Lost mutation: You are occasionally teleported next to
                  | monsters. [potion of mutation]
 38580 | D:14     | Lost mutation: Your muscles are strong. (Str +2) [potion of
                  | mutation]
 38580 | D:14     | Gained mutation: You do not regenerate when monsters are
                  | visible. [potion of mutation]
 38580 | D:14     | Gained mutation: You are resistant to hostile enchantments.
                  | (MR+) [potion of mutation]
 38580 | D:14     | Gained mutation: You have an increased reservoir of magic.
                  | (+10% MP) [potion of mutation]
 38581 | D:14     | Lost mutation: You have an increased reservoir of magic.
                  | (+10% MP) [potion of mutation]
 38581 | D:14     | Lost mutation: You are resistant to hostile enchantments.
                  | (MR+) [potion of mutation]
 38581 | D:14     | Lost mutation: You do not regenerate when monsters are
                  | visible. [potion of mutation]
 38581 | D:14     | Gained mutation: You are very robust. (+20% HP) [potion of
                  | mutation]
 38661 | Depths:1 | Entered Level 1 of the Depths
 38673 | Depths:1 | Found a gateway to Hell.
 38717 | Depths:1 | Found a huge runed gate.
 38717 | Depths:1 | Found a huge runed gate.
 38717 | Depths:1 | Found a huge runed gate.
 38717 | Depths:1 | Found a huge runed gate.
 38717 | Depths:1 | Found a huge runed gate.
 38717 | Depths:1 | Found a huge runed gate.
 38717 | Depths:1 | Found a huge runed gate.
 38717 | Depths:1 | Found a huge runed gate.
 38717 | Depths:1 | Found a huge runed gate.
 38717 | Depths:1 | Found a huge runed gate.
 38811 | Depths:1 | Found a huge runed gate.
 38811 | Depths:1 | Found a huge runed gate.
 38916 | Depths:1 | Found a one-way gate leading to the halls of Pandemonium.
 38991 | Depths:1 | Noticed Bai Suzhen
 39021 | Depths:1 | Killed Bai Suzhen
 39461 | Depths:1 | Found a huge runed gate.
 39464 | Depths:1 | Found a huge runed gate.
 39465 | Depths:1 | Found a huge runed gate.
 39465 | Depths:1 | Found a huge runed gate.
 39465 | Depths:1 | Found a huge runed gate.
 39465 | Depths:1 | Found a huge runed gate.
 39628 | Depths:1 | Noticed a golden dragon
 39641 | Depths:1 | Reached skill level 15 in Axes
 39644 | Depths:1 | Killed a golden dragon
 39644 | Depths:1 | Reached XP level 21. HP: 190/190 MP: 34/34
 39918 | Depths:2 | Reached skill level 15 in Unarmed Combat
 40006 | Depths:2 | Noticed a caustic shrike
 40019 | Depths:2 | Killed a caustic shrike
 40088 | Depths:2 | Noticed a caustic shrike
 40109 | Depths:2 | Killed a caustic shrike
 40268 | Depths:2 | Found a one-way gate to the infinite horrors of the Abyss.
 40512 | Depths:2 | Reached skill level 19 in Invocations
 40792 | Depths:3 | Found a gateway to a ziggurat.
 41061 | Depths:3 | Noticed a golden dragon
 41073 | Depths:3 | Killed a golden dragon
 41160 | Depths:3 | Noticed a caustic shrike
 41165 | Depths:3 | Killed a caustic shrike
 41586 | Depths:3 | Noticed a juggernaut
 41597 | Depths:3 | Killed a juggernaut
 41713 | Depths:3 | Identified Sif Muna's Catalogue of Calling
 41743 | Depths:3 | Noticed a golden dragon
 41758 | Depths:3 | Killed a golden dragon
 41758 | Depths:3 | Gained mutation: You have a pair of large horns on your
                  | head. [demonic ancestry]
 41758 | Depths:3 | Reached XP level 22. HP: 200/200 MP: 35/35
 41818 | Depths:3 | Got a translucent bronze ring
 41819 | Depths:3 | Identified the ring of Greater Demons {rF+ MR+ Str+4 Int-3
                  | SInv} (You found it on level 3 of the Depths)
 42743 | Depths:4 | Noticed a juggernaut
 42753 | Depths:4 | Killed a juggernaut
 42886 | Depths:4 | Found a snail-covered altar of Cheibriados.
 42887 | Depths:4 | Noticed a caustic shrike
 42889 | Depths:4 | Found the +3 crown of Dyrovepreva {rElec Int+2 SInv}
 42904 | Depths:4 | Killed a caustic shrike
 42952 | Depths:4 | Identified the Tome of Evil
 43242 | Depths:5 | Entered Level 5 of the Depths
 43243 | Depths:5 | Noticed a caustic shrike
 43243 | Depths:5 | Noticed a caustic shrike
 43243 | Depths:5 | Noticed a caustic shrike
 43245 | Depths:5 | Found Wussahyl's Specialty Armours.
 43247 | Depths:5 | Noticed a caustic shrike
 43252 | Depths:5 | Killed a caustic shrike
 43262 | Depths:4 | Killed a caustic shrike
 43268 | Depths:4 | Killed a caustic shrike
 43518 | Depths:4 | Reached skill level 20 in Invocations
 43704 | Depths:5 | Noticed a golden dragon
 43720 | Depths:5 | Killed a golden dragon
 43777 | Depths:5 | Identified the +5 ring mail of the Poles {rCorr Str-2
                  | Dex+2} (You found it on level 5 of the Depths)
 43839 | Depths:5 | Identified the cursed +1 hand axe "Jual" {flame, Dex+5}
                  | (You found it on level 5 of the Depths)
 43844 | Depths:5 | Noticed a golden dragon
 43929 | Depths:4 | Reached XP level 23. HP: 210/210 MP: 37/37
 44210 | Depths:5 | Noticed Frederick
 44222 | Depths:5 | Noticed Margery
 44224 | Depths:5 | Paralysed by a floating eye for 2 turns
 44229 | Depths:5 | Paralysed by a floating eye for 2 turns
 44239 | Depths:5 | Killed Frederick
 44261 | Depths:5 | Killed Margery
 44427 | Depths:5 | Noticed Boris
 44428 | Depths:5 | Killed a caustic shrike
 44438 | Depths:5 | Killed Boris
 44504 | Depths:5 | Found a gate to the Realm of Zot.
 44932 | Hell     | Entered the Vestibule of Hell
 44932 | Hell     | Noticed Geryon
 45003 | Hell     | Killed Geryon
 45137 | Hell     | Found a gateway to the freezing wastes of Cocytus.
 45354 | Hell     | Found a gateway to the Iron City of Dis.
 45442 | Hell     | Found a gateway to the ashen valley of Gehenna.
 45490 | Hell     | Noticed an ancient lich
 45491 | Hell     | Found a gateway to the decaying netherworld of Tartarus.
 45517 | Hell     | Killed an ancient lich
 46146 | Vaults:1 | Reached skill level 21 in Invocations
 46421 | Vaults:1 | Noticed Asterion
 46424 | Vaults:1 | Lost mutation: You have supernaturally acute eyesight.
                  | (SInv) [a cacodemon]
 46440 | Vaults:1 | Killed Asterion
 46617 | Vaults:1 | Got a sparkling diamond amulet
 46618 | Vaults:1 | Identified the amulet of Raschost {Inacc rF+} (You found it
                  | on level 1 of the Vaults)
 46715 | Vaults:1 | Mutation became permanent: You are robust. (+10% HP)
                  | [demonic ancestry]
 46715 | Vaults:1 | Gained mutation: You are very robust. (+20% HP) [demonic
                  | ancestry]
 46715 | Vaults:1 | Reached XP level 24. HP: 219/220 MP: 37/37
 47406 | Vaults:2 | Noticed Xtahua
 47423 | Vaults:2 | Killed Xtahua
 47761 | Vaults:2 | Noticed Mennas
 47854 | Vaults:2 | Killed Mennas
 48977 | Vaults:3 | Reached skill level 15 in Shields
 49218 | Vaults:3 | Found a staircase to the Crypt.
 49505 | Vaults:3 | Reached skill level 22 in Invocations
 49645 | Vaults:3 | Noticed Mara
 49651 | Vaults:3 | Noticed ezpacito's illusion
 49671 | Vaults:3 | Killed Mara
 49848 | Vaults:3 | Found Oro Ovyi's Antique Weapon Shoppe.
 50005 | Vaults:4 | Found Ydwamm's Assorted Antiques.
 50032 | Vaults:4 | Bought a paperback book for 450 gold pieces
 50032 | Vaults:4 | Bought a wand of disintegration (13) for 120 gold pieces
 50032 | Vaults:4 | Bought a wand of iceblast (10) for 120 gold pieces
 50433 | Vaults:4 | Reached XP level 25. HP: 230/230 MP: 38/38
 50515 | Vaults:4 | Noticed Saint Roka
 50531 | Vaults:4 | Killed Saint Roka
 50634 | Vaults:4 | Noticed Jory
 50647 | Vaults:4 | Killed Jory
 51094 | Vaults:5 | Entered Level 5 of the Vaults
 51154 | Vaults:5 | Noticed Boris
 51171 | Vaults:5 | Killed Boris
 51171 | Vaults:5 | Reached skill level 23 in Invocations
 51255 | Vaults:5 | Reached skill level 15 in Fighting
 51369 | Vaults:5 | Identified the +8 ice dragon scales "Poqoah" {rF- rC++
                  | rCorr}
 51370 | Vaults:5 | Noticed an ancient lich
 51381 | Vaults:5 | Cast into level 5 of the Abyss (an ancient lich)
 51381 | Abyss:5  | Entered Level 5 of the Abyss
 51381 | Abyss:5  | Entered Level 5 of the Abyss
 51381 | Abyss:5  | Found a corrupted altar of Lugonu.
 51390 | Abyss:5  | Gained mutation: You are extremely robust. (+30% HP)
                  | [demonic ancestry]
 51390 | Abyss:5  | Reached XP level 26. HP: 241/261 MP: 38/38
 51437 | Vaults:5 | Escaped the Abyss
 51457 | Vaults:5 | Killed an ancient lich
 51482 | Vaults:5 | Got a silver rune of Zot
 51571 | Vaults:5 | Identified Sif Muna's Handbook of Feathers and Enhancements
 51661 | Vaults:5 | Identified the +1 pair of gloves of Serendipity {Dex+3
                  | Stlth+} (You found it on level 5 of the Vaults)
 51828 | Vaults:5 | Found Ehelouji's Distillery.
 51838 | Vaults:5 | Bought a potion of curing for 45 gold pieces
 51838 | Vaults:5 | Bought a potion of curing for 45 gold pieces
 51838 | Vaults:5 | Bought a potion of curing for 45 gold pieces
 51838 | Vaults:5 | Bought a potion of mutation for 120 gold pieces
 51838 | Vaults:5 | Bought a potion of flight for 45 gold pieces
 51838 | Vaults:5 | Bought a potion of might for 60 gold pieces
 51838 | Vaults:5 | Bought 2 potions of haste for 300 gold pieces
 52202 | Vaults:5 | Identified the Grimoire of the Flying Compass
 52630 | Zig:1    | Entered Level 1 of a ziggurat
 52650 | Zig:2    | Entered Level 2 of a ziggurat
 52659 | Zig:2    | Reached skill level 24 in Invocations
 52688 | Zig:3    | Entered Level 3 of a ziggurat
 52721 | Zig:4    | Entered Level 4 of a ziggurat
 52724 | Zig:4    | Noticed an ancient lich
 52747 | Zig:4    | Killed an ancient lich
 52777 | Zig:4    | Identified the +1 leather armour of the Mantidfly {MP+9
                  | Stlth+} (You found it on level 4 of a ziggurat)
 52780 | Zig:5    | Entered Level 5 of a ziggurat
 52793 | Zig:5    | Reached skill level 15 in Evocations
 52905 | Zig:5    | Identified the Reference Book on the Harmful Glacier
 52921 | Zig:6    | Entered Level 6 of a ziggurat
 53017 | Zig:7    | Entered Level 7 of a ziggurat
 53026 | Zig:7    | Found the +12 glaive of Prune {chop}
 53026 | Zig:7    | Noticed a juggernaut
 53027 | Zig:7    | Noticed a juggernaut
 53066 | Zig:7    | Killed a juggernaut
 53068 | Zig:7    | Killed a juggernaut
 53132 | Zig:8    | Entered Level 8 of a ziggurat
 53258 | Zig:9    | Entered Level 9 of a ziggurat
 53350 | Zig:9    | Identified the +4 ring mail of Mutualism {Str+2} (You found
                  | it on level 9 of a ziggurat)
 53354 | Zig:10   | Entered Level 10 of a ziggurat
 53378 | Zig:10   | Found the +8 Wrath of Trog {antimagic, *Rage}
 53389 | Zig:10   | Paralysed by accursed screaming for 1 turns
 53417 | Zig:10   | Identified Onenev's Disquisition on Lucky Black Arts
 53463 | Zig:10   | Identified the +5 ring mail of Impermeability {rF++ Dex+5}
                  | (You found it on level 10 of a ziggurat)
 53467 | Zig:11   | Entered Level 11 of a ziggurat
 53478 | Zig:11   | Noticed an ancient lich
 53478 | Zig:11   | Noticed an ancient lich
 53478 | Zig:11   | Noticed an ancient lich
 53492 | Zig:11   | Cast into level 5 of the Abyss (an ancient lich)
 53492 | Abyss:5  | Entered Level 5 of the Abyss
 53492 | Abyss:5  | Entered Level 5 of the Abyss
 53658 | Zig:11   | Escaped the Abyss
 53668 | Zig:11   | HP: 11/278 [something (3)]
 53668 | Zig:11   | HP: 4/278 [ancient lich (3)]
 53669 | Zig:11   | Killed from afar by an ancient lich

Levels and vault maps discovered:
D:1:      sevenhm_arrival_forest_fort_small_4, layout_loops_cross
D:2:      layout_rooms
D:3:      layout_loops_ring, nicolae_qazlal_general_emergency
D:4:      layout_loops_ring, grunt_temple_overflow_open, temple_pool_b,
          okawaru_ov_weapons_minmay
D:5:      layout_loops_ring, grunt_dithmenos_smoke_and_mirrors,
          elyvilon_altar_4, nicolae_overflow_hidden_temple, first_ration,
          basic_altar, minmay_misc_feat_columns, hangedman_decor_riveting,
          uniq_eustachio, uniq_grinder, uniq_duvessa
D:6:      layout_loops_ring, kennysheep_cluttered_room, minivault_22,
          uniq_blork_the_orc
D:7:      layout_loops_ring, kennysheep_mini_moat
D:8:      layout_gridville, lemuel_round_altar, serial_ice, serial_ice_f,
          serial_ice_n, serial_ice_e, serial_ice_j, uniq_joseph
D:9:      layout_irregular_city
D:10:     layout_cave_pools, david_lair_generic, uniq_urug
D:11:     layout_grid_maze, orc_0_dummy
D:12:     layout_irregular_city, serial_glass, glass_columns_a, glass_columns_c,
          minmay_strange_pillars, due_unseen_surprise, item_on_display_a,
          basic_altar, enter_trove_3, uniq_sonja
D:13:     layout_loops_ring
D:14:     layout_irregular_city, erik_vaults_1, minivault_25, basic_altar,
          gauntlet_entry_generic, hangedman_pestilent_swarm
D:15:     grunt_enter_depths_snipers, layout_irregular_city, fedhas_altar_4,
          portal_ice_cave_entry_imps
Temple:   eino_temple_lava
Lair:1:   layout_loops_ring, nicolae_quartered_pool_little, minmay_hedge_maze
Lair:2:   layout_cave_pods, spider_nest_entry_webs, grunt_megastairs_5
Lair:3:   wad_woods_minihive, layout_gridlike, lemuel_fruit_tree,
          serial_bayou_shore_b
Lair:4:   dragon1_lemuel, layout_long_grid, swamp_mist_pool
Lair:5:   layout_long_grid, ebering_ghost_disaster_area
Lair:6:   evilmike_catoblepas_cave, layout_cave_pods, slime_altar_1,
          ebering_ghost_disaster_area, gammafunk_lair_bear_cave
Swamp:1:  layout_basic_swamp, nicolae_swamp_trees_clearing
Swamp:2:  layout_basic_swamp, evilmike_swamp_ruin_wall, swamp_pool5, uniq_kirke
Swamp:3:  layout_basic_swamp, nicolae_swamp_treefoil
Swamp:4:  swamp_alternative, layout_basic_swamp
Spider:1: layout_spider_delve, uniq_rupert, uniq_louise, uniq_aizul
Spider:2: nicolae_spider_mines_1, drop_trap, nicolae_spider_stair_cavern
Spider:3: layout_spider_delve, drop_trap, uniq_arachne
Spider:4: guppyfry_spider_rune
Orc:1:    layout_caves, nicolae_volcano_entry_lava_flow, uniq_erolcha,
          uniq_nergalle
Orc:2:    st_orc_elflike, layout_caves, minmay_orc_temple_c
Elf:1:    eino_elf_arrival_sip, layout_geoelf_octagon, serial_shops, shop,
          portal_desolation_entry_nicolae_slug, orc_legates, uniq_donald
Elf:2:    layout_geoelf_octagon, uniq_nikola
Elf:3:    minmay_elf_hall_golems, layout_rooms, basic_altar
Vaults:1: nicolae_vaults_triangles, ontoclasm_vaults_spin,
          grunt_vaults_funneled_arena, hangedman_vaults_corner,
          nicolae_vaults_hallways_thing, v_misc_31, v_misc_27,
          nicolae_vaults_what_the_h, nicolae_vaults_little_squares_3,
          layout_vaults_omnibox, serial_shops, nicolae_shop_statue_plus,
          infiniplex_enter_wizlab_water, uniq_asterion
Vaults:2: hangedman_vaults_cutoff, nicolae_vaults_theta, vaults_mumra_hexcomb,
          st_lines, grunt_vaults_focal, nicolae_vaults_ninety_degrees,
          ontoclasm_vaults_misaligned, vaults_dpeg_encased_lava,
          grunt_vaults_twisty, layout_vaults_quadrants, uniq_xtahua, uniq_mennas
Vaults:3: blue_anna_dwarven_crypt, hangedman_vaults_slice, v_misc_11, v_misc_18,
          hangedman_vaults_maws, v_misc_2, vaults_mumra_chevron,
          grunt_vaults_hallway_short, hangedman_vaults_snaps,
          layout_vaults_maze_bifur, serial_shops, shop_fountains, uniq_mara
Vaults:4: nicolae_vaults_yaktaur_gun_rack, ontoclasm_vaults_decontamination,
          v_rooms_2, grunt_vaults_diagonal, vaults_room_ringed_pool,
          nicolae_vaults_three_branches, nicolae_vaults_big_angled_halls,
          vaults_room_door_ring, layout_vaults_omnicross, serial_shops,
          shop_fountains, uniq_jory, uniq_saint_roka
Vaults:5
Depths:1: layout_basic, pan_entry, hell_entry, abandoned_shop,
          dk_noncrumbling_3, minmay_liquid_box, hangedman_decor_points,
          minivault_11, hangedman_decor_diamond_cutter, door_vault,
          uniq_bai_suzhen
Depths:2: minmay_nine_rooms, layout_basic, hangedman_coc_ice_floe,
          serial_bayou_pond_b, abyss_entry, minmay_staircase_windowed_large
Depths:3: minmay_box_of_curves, layout_cave_shapes, enter_ziggurat_c,
          hell_entry, serial_sigils_hangedman_etch, pan_entry,
          nrook_mini_backslash, serial_bayou_shore_b
Depths:4: pf_snail_temple, layout_cave_shapes,
          nicolae_abyss_entry_one_way_or_another,
          serial_sigils_hangedman_confine, rand_demon_pan_entry_7,
          hangedman_geh_valley, chequers_serial_rivers_micro_e
Depths:5: evilmike_zot_entry_diamond, layout_cave_shapes,
          grunt_hell_entry_dis_grunt, nicolae_barding_shop,
          kennysheep_random_hallway, uniq_margery, uniq_frederick, uniq_boris
Hell
Zig:11

Skill      XL: |  1  2  3  4  5  6  7  8  9 10 11 12 13 14 15 16 17 18 19 20 21 22 23 24 25 26 |
---------------+-------------------------------------------------------------------------------+-----
Axes           | 2 3 4 5 6 7 8 9 10 11 12 13 14 15 16 | 16.0
Unarmed Combat | 1 2 3 4 5 6 7 8 9 10 11 12 13 14 15 16 17 18 19 | 19.3
Stealth        | 1 2 3 4 5 6 |  6.4
Dodging        | 1 2 3 4 5 6 7 8 9 10 11 12 13 14 | 14.3
Armour         | 3 4 5 6 7 8 9 10 11 12 13 14 | 14.5
Shields        | 3 4 5 6 7 8 9 10 11 12 13 14 15 | 15.0
Fighting       | 4 5 6 7 8 9 10 11 12 13 14 15 | 15.7
Short Blades   | 1 2 4 5 6 7 |  7.5
Evocations     | 1 2 3 4 5 6 7 8 9 10 11 12 13 14 15 | 15.4
Invocations    | 1 5 7 9 11 12 14 15 16 17 18 19 20 21 22 23 24 | 24.6

Action                   |  1- 3 |  4- 6 |  7- 9 | 10-12 | 13-15 | 16-18 | 19-21 | 22-24 | 25-27 || total
-------------------------+-------+-------+-------+-------+-------+-------+-------+-------+-------++-------
Melee: War axe           |   108 |   169 |    78 |   761 |  1186 |   956 |  1103 |  1465 |   641 ||  6467
       Rapier            |       |       |   159 |       |    21 |       |       |       |       ||   180
       Headbutt          |       |       |    47 |   213 |   402 |   306 |   368 |   538 |   240 ||  2114
Invok: Lesser Servant of |       |       |       |     1 |       |       |       |       |       ||     1
       Greater Servant o |       |       |       |       |       |     3 |     2 |     1 |     1 ||     7
       Major Destruction |       |       |       |       |       |     1 |       |       |       ||     1
Evoke: Wand              |       |       |       |    39 |    48 |    48 |    25 |    12 |     1 ||   173
       Lightning rod     |       |       |       |       |     3 |       |       |       |       ||     3
  Use: Scroll            |     4 |     5 |     9 |    10 |    24 |    10 |     9 |    14 |    12 ||    97
       Potion            |     2 |     3 |     1 |    16 |    10 |     7 |    28 |     7 |    13 ||    87
 Stab: Distracted        |       |       |     3 |    14 |    11 |     9 |    10 |     7 |    11 ||    65
       Sleeping          |       |       |       |     9 |    17 |    14 |    13 |     2 |       ||    55
       Confused          |       |       |       |       |       |     1 |     2 |       |       ||     3
       Fleeing           |       |       |       |       |       |     1 |       |       |       ||     1
       Invisible         |       |       |       |       |       |       |     2 |       |    14 ||    16
  Eat: Chunk             |     2 |     1 |     4 |     7 |     3 |     2 |     1 |       |       ||    20
       Ration            |       |     3 |     3 |     6 |    12 |     6 |     9 |    10 |     5 ||    54
Armor: Scale mail        |    61 |    94 |    78 |   121 |       |       |       |       |       ||   354
       Ring mail         |       |    15 |     5 |       |       |       |       |       |       ||    20
       Skin              |       |       |       |    21 |       |       |       |       |       ||    21
       Acid dragon scale |       |       |       |   173 |   572 |   182 |       |       |       ||   927
       Crystal plate arm |       |       |       |       |   127 |   177 |       |       |       ||   304
       Fire dragon scale |       |       |       |       |       |   236 |   687 |   120 |       ||  1043
       Gold dragon scale |       |       |       |       |       |       |       |   742 |   540 ||  1282
Dodge: Dodged            |    44 |    64 |    90 |   379 |   947 |   635 |   765 |   599 |   391 ||  3914
       Deflected         |       |       |       |       |       |       |       |    47 |    26 ||    73
Block: Shield            |    65 |    93 |   149 |   664 |  1265 |  1088 |  1175 |  1284 |   741 ||  6524

Table legend:
 A = Non-vault XP
 B = Vault XP
 C = Vault XP percentage of total XP
 D = Non-vault monster count
 E = Vault monster count
 F = Vault count percentage of total count
                 A         B        C        D         E       F
            +---------+---------+-------+---------+---------+-------
      Total |  721802 |  726243 |  50.2 |    1719 |     958 |  35.8
            +---------+---------+-------+---------+---------+-------
        D:1 |      19 |       0 |   0.0 |      12 |       0 |   0.0
        D:2 |      71 |       0 |   0.0 |      15 |       0 |   0.0
        D:3 |      54 |       0 |   0.0 |      17 |       0 |   0.0
        D:4 |     260 |     254 |  49.4 |      16 |       1 |   5.9
        D:5 |     543 |     374 |  40.8 |      14 |       3 |  17.6
        D:6 |    1136 |      85 |   7.0 |      42 |       1 |   2.3
        D:7 |     789 |     227 |  22.3 |      14 |       3 |  17.6
        D:8 |    2297 |    1265 |  35.5 |      35 |       9 |  20.5
        D:9 |    3890 |     807 |  17.2 |      34 |       1 |   2.9
       D:10 |    1122 |     939 |  45.6 |      30 |       4 |  11.8
       D:11 |    2229 |       0 |   0.0 |      29 |       0 |   0.0
       D:12 |    7096 |     802 |  10.2 |      43 |       1 |   2.3
       D:13 |    4198 |       0 |   0.0 |      28 |       0 |   0.0
       D:14 |    6109 |    2191 |  26.4 |      30 |       6 |  16.7
       D:15 |   11114 |    2535 |  18.6 |      34 |      15 |  30.6
     Lair:1 |    4910 |       0 |   0.0 |      29 |       0 |   0.0
     Lair:2 |    1572 |    3079 |  66.2 |       9 |       9 |  50.0
     Lair:3 |    6195 |    2514 |  28.9 |      36 |      48 |  57.1
     Lair:4 |    8423 |    1049 |  11.1 |      24 |       1 |   4.0
     Lair:5 |    9145 |     689 |   7.0 |      34 |       1 |   2.9
     Lair:6 |    9440 |   11479 |  54.9 |      32 |      28 |  46.7
    Swamp:1 |    8306 |       0 |   0.0 |      22 |       0 |   0.0
    Swamp:2 |   16732 |    1968 |  10.5 |      46 |       1 |   2.1
    Swamp:3 |    7443 |       0 |   0.0 |      16 |       0 |   0.0
    Swamp:4 |    8855 |   14050 |  61.3 |      28 |      27 |  49.1
   Spider:1 |   24643 |    4948 |  16.7 |      70 |       3 |   4.1
   Spider:2 |   16349 |    1688 |   9.4 |      34 |       7 |  17.1
   Spider:3 |   20244 |    2752 |  12.0 |      60 |       1 |   1.6
   Spider:4 |   18635 |   21842 |  54.0 |      50 |      41 |  45.1
      Orc:1 |    5219 |    1789 |  25.5 |      33 |       2 |   5.7
      Orc:2 |    4700 |    9595 |  67.1 |      53 |      49 |  48.0
      Elf:1 |   10499 |   21236 |  66.9 |      20 |      34 |  63.0
      Elf:2 |   21085 |   25244 |  54.5 |      35 |      30 |  46.2
      Elf:3 |   14118 |   56532 |  80.0 |      25 |      45 |  64.3
   Vaults:1 |   20680 |   41933 |  67.0 |      38 |      61 |  61.6
   Vaults:2 |   22908 |   23765 |  50.9 |      44 |      22 |  33.3
   Vaults:3 |   21261 |   29890 |  58.4 |      47 |      28 |  37.3
   Vaults:4 |   50832 |   40037 |  44.1 |      72 |      52 |  41.9
   Vaults:5 |   51951 |  102633 |  66.4 |      85 |      71 |  45.5
   Depths:1 |   39179 |   26244 |  40.1 |      56 |      17 |  23.3
   Depths:2 |   25834 |   35933 |  58.2 |      32 |      26 |  44.8
   Depths:3 |   18534 |   36458 |  66.3 |      23 |      18 |  43.9
   Depths:4 |   51959 |   53249 |  50.6 |      56 |      52 |  48.1
   Depths:5 |   36633 |   41113 |  52.9 |      35 |      23 |  39.7
       Hell |   14970 |   34322 |  69.6 |      20 |      60 |  75.0
    Abyss:3 |   12440 |       0 |   0.0 |      23 |       0 |   0.0
    Abyss:5 |   19195 |    4062 |  17.5 |      41 |       7 |  14.6
      Zig:1 |     555 |       0 |   0.0 |       2 |       0 |   0.0
      Zig:2 |    2675 |       0 |   0.0 |       2 |       0 |   0.0
      Zig:3 |    2005 |       0 |   0.0 |       6 |       0 |   0.0
      Zig:4 |   11407 |       0 |   0.0 |       4 |       0 |   0.0
      Zig:5 |    9381 |       0 |   0.0 |       5 |       0 |   0.0
      Zig:6 |    3872 |       0 |   0.0 |      12 |       0 |   0.0
      Zig:7 |   20240 |       0 |   0.0 |      11 |       0 |   0.0
      Zig:8 |    5051 |       0 |   0.0 |      13 |       0 |   0.0
      Zig:9 |   11827 |       0 |   0.0 |      17 |       0 |   0.0
     Zig:10 |   10448 |       0 |   0.0 |      25 |       0 |   0.0
     Zig:11 |     525 |       0 |   0.0 |       1 |       0 |   0.0
      IceCv |       0 |    2525 | 100.0 |       0 |      11 | 100.0
    Volcano |       0 |    3865 | 100.0 |       0 |       9 | 100.0
     WizLab |       0 |   24464 | 100.0 |       0 |      55 | 100.0
 Desolation |       0 |   32211 | 100.0 |       0 |      63 | 100.0
   Gauntlet |       0 |    3606 | 100.0 |       0 |      12 | 100.0
            +---------+---------+-------+---------+---------+-------
